 Dungeon Crawl Stone Soup version 0.19.1 (console) character file.

1856 Kloppie the Spear-Bearer (level 9, 0/71 HPs)
             Began as a Merfolk Berserker on Nov 27, 2016.
             Was a High Priest of Trog.
             Killed from afar by a manticore (15 damage)
             ... with a volley of spikes
             ... on level 7 of the Dungeon.
             The game lasted 00:10:06 (6141 turns).

Kloppie the Spear-Bearer (Merfolk Berserker)        Turns: 6141, Time: 00:10:07

Health: 0/71       AC:  5    Str: 17    XL:     9   Next: 13%
Magic:  9/9        EV: 15    Int:  7    God:    Trog [*****.]
Gold:   202        SH:  0    Dex: 16    Spells: 0 memorised, 8 levels left

rFire  . . .     SeeInvis .     a - +1 trident
rCold  . . .     Gourm    .     b - +0 animal skin
rNeg   . . .     Faith    .     (no shield)
rPois  .         Spirit   .     (no helmet)
rElec  .         Reflect  .     o - +1 cloak
rCorr  .         Harm     +     (no gloves)
MR     ++...                    g - +0 pair of boots
Stlth  +.........               z - amulet of harm
                                (no ring)
                                (no ring)

@: barbed spikes, regenerating
A: change form in water, swift swim, stealthy swim
a: Berserk, Trog's Hand, Brothers in Arms, Burn Spellbooks, Renounce Religion


You were on level 7 of the Dungeon.
You worshipped Trog.
Trog was extremely pleased with you.
You were hungry.

You visited 1 branch of the dungeon, and saw 7 of its levels.
You also visited: Ossuary.

You collected 202 gold pieces.

Inventory:

Hand Weapons
 a - a +1 trident (weapon)
 y - a cursed -1 halberd
Armour
 b - a +0 animal skin (worn)
 g - a +0 pair of boots (worn)
 o - a +1 cloak (worn)
Jewellery
 t - an uncursed amulet of the gourmand
 v - an uncursed ring of fire
 z - an amulet of harm (around neck)
Wands
 k - a wand of iceblast (3/15)
 C - a wand of teleportation (2/9)
Scrolls
 e - 4 scrolls of remove curse
 i - 4 scrolls of teleportation
 u - 3 scrolls of recharging
Potions
 d - a potion of haste
 h - a potion of magic
 l - 3 potions of lignification {unknown}
 m - a potion of cure mutation
 p - a potion of agility {unknown}
 q - a potion of beneficial mutation {unknown}
 r - a potion of flight
 s - 7 potions of curing
 w - 2 potions of heal wounds
 x - 2 potions of resistance {unknown}
Books
 j - a book of Cantrips

   Spells                             Type                      Level
   a - Confusing Touch                Hexes                        1
   b - Animate Skeleton               Necromancy                   1
   c - Summon Small Mammal            Summoning                    1
   d - Apportation                    Translocation                1
   Trog disapproves of the use of such an item.
Comestibles
 c - 3 bread rations
 f - a fruit
 n - a beef jerky
 B - 2 meat rations


   Skills:
 - Level 6.6 Fighting
 * Level 13.6 Polearms
 - Level 1.3 Armour
 + Level 5.4 Dodging


You had 8 spell levels left.
You didn't know any spells.

Dungeon Overview and Level Annotations

Branches:
Dungeon (7/15)             Temple (0/1) D:4

Altars:


Message History

* * * LOW HITPOINT WARNING * * *
Your skin crawls.
You feel resistant to hostile enchantments.
You are feeling hungry.
The manticore flicks its tail.
The volley of spikes misses you.
Attack whom?
Press: ? - help, Dir - move target cursor, f/p - manticore
Aim: a manticore (lightly wounded)
You reach to attack!
You puncture the manticore!
The manticore is moderately wounded.
Attack whom?
Press: ? - help, Dir - move target cursor, f/p - manticore
Aim: a manticore (moderately wounded)
You reach to attack!
You closely miss the manticore.
The manticore is moderately wounded.
The manticore flicks its tail.
The volley of spikes hits you!
The barbed spikes become lodged in your body.
You die...

#. . #.# #. ###..#
#....#.#### #.
##....#.##<# ...
#.....#.##.# #.
#..H.##.##.## #.
#....##.#...# #. #.@#
#.#...# #.
######.#####.#...### #.
..............#.....# #.
############..##....####.
#........##[..
######.......#####.
............## ##
............# #
............# #


You could see a manticore.

Vanquished Creatures
  A black bear (D:6)
  2 centaurs (D:7)
  6 water moccasin zombies (Ossuary)
  2 scorpions
  4 hounds
  8 orc priests
  A centaur skeleton (D:5)
  2 bullfrog skeletons
  A gnoll shaman (D:4)
  4 orc wizards
  Ijyb (D:2)
  An iguana (D:7)
  3 worker ants
  3 big kobold zombies (Ossuary)
  A hound skeleton (D:4)
  2 mummies (Ossuary)
  10 gnolls
  10 adders
  A shadow imp (D:6)
  2 adder skeletons (D:4)
  6 adder zombies (Ossuary)
  5 worms
  2 dart slugs
  3 leopard geckos
  26 orcs
  5 bats
  6 giant cockroaches
  2 gnoll zombies (Ossuary)
  2 hobgoblins
  4 jackals (D:1)
  7 kobolds
  2 quokkas
  2 ball pythons (D:2)
  7 frilled lizards
  16 goblins
  5 hobgoblin zombies (Ossuary)
  2 kobold zombies (Ossuary)
  4 orc zombies (Ossuary)
  12 rats
183 creatures vanquished.

Notes
Turn   | Place    | Note
-------+----------+-------------------------------------------
     0 | D:1      | Kloppie the Merfolk Berserker began the quest for the Orb.
     0 | D:1      | Reached XP level 1. HP: 18/18 MP: 1/1
   146 | D:1      | Reached skill level 5 in Polearms
   146 | D:1      | Reached XP level 2. HP: 22/24 MP: 2/2
   462 | D:1      | Reached XP level 3. HP: 29/29 MP: 3/3
   644 | D:2      | Reached skill level 6 in Polearms
   781 | D:2      | Reached ** piety under Trog
   979 | D:2      | Reached XP level 4. HP: 37/37 MP: 4/4
  1024 | D:2      | Noticed Ijyb
  1036 | D:2      | Killed Ijyb
  1036 | D:2      | Reached skill level 7 in Polearms
  1094 | D:2      | Reached XP level 5. HP: 23/42 MP: 5/5
  1415 | D:2      | Reached skill level 8 in Polearms
  1929 | D:3      | Reached XP level 6. HP: 41/49 MP: 6/6
  1951 | D:3      | Reached skill level 9 in Polearms
  1952 | D:3      | Reached *** piety under Trog
  2240 | D:3      | Reached skill level 5 in Fighting
  2458 | D:3      | Reached XP level 7. HP: 56/56 MP: 7/7
  2867 | D:4      | Found a staircase to the Ecumenical Temple.
  2877 | D:4      | Reached skill level 10 in Polearms
  3297 | D:4      | Reached **** piety under Trog
  3487 | D:4      | Got a fine leather armour
  3555 | D:4      | Identified the cursed +0 leather armour "Ydix Nas" {rF- rCorr Str+9} (You found it on level 4 of the Dungeon)
  3595 | D:5      | Entered Level 5 of the Dungeon
  3627 | D:5      | Reached skill level 11 in Polearms
  3659 | D:5      | Reached XP level 8. HP: 48/64 MP: 8/8
  3859 | D:5      | Found a sand-covered staircase.
  3869 | Ossuary  | Entered an ossuary
  4177 | Ossuary  | Reached skill level 12 in Polearms
  4892 | D:6      | Reached skill level 13 in Polearms
  4894 | D:6      | Reached ***** piety under Trog
  5292 | D:6      | Reached skill level 5 in Dodging
  5292 | D:6      | Reached XP level 9. HP: 71/71 MP: 9/9
  6135 | D:7      | Noticed a manticore
  6141 | D:7      | Killed from afar by a manticore

Skill      XL: |  1  2  3  4  5  6  7  8 |
---------------+-------------------------+-----
Polearms       | 5 6 7 8 9 11 13 | 13.6
Fighting       | 4 5 6 |  6.6
Dodging        | 5 |  5.4
Armour         | |  1.3

Action                   |  1- 3 |  4- 6 |  7- 9 || total
-------------------------+-------+-------+-------++-------
Melee: Spear             |    90 |    24 |       ||   114
       Trident           |       |   143 |   407 ||   550
Invok: Berserk           |     2 |     5 |     4 ||    11
       Trog's Hand       |       |     2 |     3 ||     5
  Use: Scroll            |       |       |    18 ||    18
 Stab: Sleeping          |     3 |     5 |     7 ||    15
  Eat: Chunk             |     2 |    10 |    11 ||    23
       Meat ration       |       |       |     1 ||     1
Armor: Animal skin       |     8 |     7 |    53 ||    68
Dodge: Dodged            |    32 |    61 |   165 ||   258
